 Dungeon Crawl Stone Soup version 0.29-a0-323-g050149af67 (webtiles) character file.

Game seed: 2521999106214459968

86 Hubjo the Digger (level 4, -2/26 HPs)
             Began as a Gargoyle Earth Elementalist on Apr 11, 2022.
             Slain by an adder (4 damage)
             ... on level 3 of the Dungeon.
             The game lasted 00:05:25 (3429 turns).

Hubjo the Digger (Gargoyle Earth Elementalist)      Turns: 3429, Time: 00:05:26

Health: -2/26      AC:  5    Str: 10 (12) XL:     4   Next: 49%
Magic:  4/7        EV: 11    Int: 12 (15) God:
Gold:   118        SH:  0    Dex: 10 (12) Spells: 6/7 levels left

rFire   . . .      SeeInvis .   l - +2 whip (vamp)
rCold   . . .      Faith    .   (no shield)
rNeg    + . .      Spirit   .   b - +0 robe
rPois   ∞          Reflect  .   (no helmet)
rElec   +          Harm     .   (no cloak)
rCorr   .          Rampage  .   (no gloves)
Will    .....                   (no boots)
Stlth   +.........              (no amulet)
HPRegen 0.08/turn               (no ring)
MPRegen 0.10/turn               (no ring)

@: confused
A: sickness immunity, AC +3, negative energy resistance 1, electricity
resistance, torment resistance 1, petrification resistance
a: no special abilities


You were on level 3 of the Dungeon.
You visited 1 branch of the dungeon, and saw 3 of its levels.

You collected 118 gold pieces.

Inventory:

Hand Weapons
 l - a +2 vampiric whip (weapon)
Missiles
 a - 41 stones
Armour
 b - a +0 robe (worn)
Magical Staves
 i - a staff of conjuration
Wands
 j - a wand of flame (9)
Scrolls
 d - a scroll of brand weapon
 h - a scroll of fog
 k - a scroll of amnesia
Potions
 c - a potion of magic


   Skills:
 * Level 2.2 Fighting
 - Level 1.5 Dodging
 * Level 3.4 Stealth
 + Level 2.4 Spellcasting
 + Level 1.2 Transmutations
 + Level 4.0 Earth Magic


You had 6 spell levels left.
You knew the following spells:

 Your Spells              Type           Power      Damage    Failure   Level
a - Sandblast             Erth           22%        2d7       4%          1

Your spell library contained the following spells:

 Spells                   Type           Power      Damage    Failure   Level
 Passwall                 Tmut/Erth      5%         N/A       13%         2
 Stone Arrow              Conj/Erth      12%        3d7       34%         3
 Blink                    Tloc           2%         N/A       36%         2
 Lesser Beckoning         Tloc           1%         N/A       61%         3
 Petrify                  Tmut/Erth      7%         N/A       65%         4
 Manifold Assault         Tloc           1%         N/A       100%        5


Dungeon Overview and Level Annotations

Branches:
Dungeon (3/15)

Altars:


Innate Abilities, Weirdness & Mutations

You are immune to sickness and miasma.
Your stone body is resilient. (AC +3)
You are immune to poison.
You resist negative energy. (rN+)
You are resistant to electric shocks. (rElec)
You are resistant to unholy torment.
You are immune to petrification.


Message History

Your hobgoblin dissolves into shadows!
The rat bites you but does no damage.
A quokka comes into view.
As you read the scroll labelled BUNEOTOSHRA, it crumbles to dust.
It is a scroll of identify.
d - a scroll of brand weapon The rat closely misses you.
As you read the scroll labelled DOOXKA CAWETI, it crumbles to dust.
The scroll dissolves into smoke.
It was a scroll of fog.
The rat misses you.
As you read the scroll labelled COCVODGHA WABI, it crumbles to dust.
It is a scroll of amnesia.
Okay, then.
The rat misses you.
It was a potion of degeneration.
There was something very wrong with that liquid.
You feel weakened.
You feel dopey.
You feel clumsy. The rat closely misses you. The rat attacks as you move away!
The rat bites you.
* * * LOW HITPOINT WARNING * * *
You open the door.
An adder comes into view.
The adder hisses angrily.
The rat barely misses you.
Casting: Sandblast (safe; 4% risk of failure)
Confirm with . or Enter, or press ? or * to list all spells.
Aiming: Sandblast (safe; 4% risk of failure)
Press: ? - help, Shift-Dir - straight line, f/p - rat
Aim: a rat (purple smoke, 79% to hit)
The blast of sand hits the rat!
You kill the rat!
Casting: Sandblast (safe; 4% risk of failure)
Confirm with . or Enter, or press ? or * to list all spells.
Aiming: Sandblast (safe; 4% risk of failure)
Press: ? - help, Shift-Dir - straight line, f - orc
Aim: an orc, wielding a +0 flail (purple smoke, 79% to hit)
The blast of sand hits something!
You hear some strange, mumbled words.
You are confused.
The adder bites you.
You die...

#####.....#
.......>..##
#.........#
#?........ ##
#........ ...
##(...g.. ....
......r)# .....
########o####......
+.......§o{@S......
##.....#K####......
#.......§.........
#......r#########.
#.........)....<#
#........###..###
######...........
#..#.########
#..#..


You could see an adder and an orc.

Vanquished Creatures
  3 adders (D:2)
  2 worms
  An orc (D:3)
  A ball python (D:2)
  8 bats
  6 endoplasms
  2 giant cockroaches
  3 goblins
  7 hobgoblins
  7 kobolds
  A quokka (D:2)
  A frilled lizard (D:2)
  5 rats
47 creatures vanquished.

Notes
Turn   | Place    | Note
-------+----------+-------------------------------------------
     0 | D:1      | Hubjo the Gargoyle Earth Elementalist began the quest for
                  | the Orb.
     0 | D:1      | Reached XP level 1. HP: 10/10 MP: 3/3
   644 | D:1      | Reached XP level 2. HP: 16/16 MP: 3/5
   708 | D:1      | Reached skill level 1 in Fighting
   994 | D:1      | Reached skill level 1 in Transmutations
  2150 | D:1      | Reached XP level 3. HP: 14/20 MP: 0/6
  3022 | D:2      | Reached XP level 4. HP: 19/26 MP: 7/7
  3135 | D:2      | Reached skill level 4 in Earth Magic
  3429 | D:3      | Slain by an adder

Illustrated notes

Levels and vault maps discovered:
D:1:      dpeg_arrival_pits, layout_basic
D:2:      layout_loops_ring
D:3:      layout_basic, basic_ecumenical_altar

Skill      XL: |  1  2  3  4 |
---------------+-------------+-----
Fighting       | 1 2 |  2.2
Transmutations | 1 |  1.2
Stealth        | 3 |  3.4
Earth Magic    | 4 |  4.0
Dodging        | |  1.5
Spellcasting   | |  2.4

Action                   |  1- 3 |  4- 6 || total
-------------------------+-------+-------++-------
Melee: Unarmed           |    69 |       ||    69
       Punch             |     4 |       ||     4
       Staff             |    47 |       ||    47
       Whip              |    16 |    44 ||    60
 Cast: Sandblast         |    26 |     4 ||    30
  Use: Scroll            |       |     5 ||     5
       Potion            |       |     1 ||     1
 Stab: Sleeping          |     8 |     4 ||    12
Armor: Robe              |    55 |    23 ||    78
Dodge: Dodged            |   127 |    34 ||   161

Table legend: (Time is in decaauts)
 A = Elapsed time spent in this place.
 B = Non-inter-level travel time spent in this place.
 C = Inter-level travel time spent in this place.
 D = Time resting spent in this place.
 E = Time spent auto-exploring this place.
 F = Levels seen in this place.
 G = Mean time per level.
                   A        B        C        D        E       F      G
               +--------+--------+--------+--------+--------+-----+--------+
         Total |   3443 |   3323 |    120 |      0 |   2852 |   3 | 1147.7 |
       Dungeon |   3443 |   3323 |    120 |      0 |   2852 |   3 | 1147.7 |
               +--------+--------+--------+--------+--------+-----+--------+

Top non-repeatable levels by time:
     D:1: 2158 daAuts
     D:2: 1233 daAuts
     D:3: 52 daAuts
